 Dungeon Crawl Stone Soup version 0.28.0-1-gb440e238dd (webtiles) character file.

Game seed: 5503867244361837177

27311 PieDemon the Bludgeoner (level 13, -17/109 HPs)
             Began as a Deep Dwarf Fighter on Feb 20, 2022.
             Was an Initiate of Ignis.
             Killed from afar by an acid blob (23 damage)
             ... with a splash of acid
             ... on level 5 of the Pits of Slime.
             The game lasted 00:53:29 (4712 turns).

PieDemon the Bludgeoner (Deep Dwarf Fighter)        Turns: 4712, Time: 00:53:29

Health: -17/109    AC:  8    Str: 30    XL:     13   Next: 3%
Magic:  0/3        EV:  9    Int: 16    God:    Ignis [......]
Gold:   525        SH:  5    Dex: 12    Spells: 12/12 levels left

rFire   + . .      SeeInvis .   r - +7 morningstar of Taot {flame, Drain Will+++ Int+6}
rCold   . . .      Faith    .   c - +0 buckler
rNeg    . . .      Spirit   +   m - +0 plate armour
rPois   .          Reflect  .   k - +1 helmet
rElec   .          Harm     .   (no cloak)
rCorr   .          Rampage  .   s - +0 pair of gloves
Will    ++++.                   (no boots)
Stlth   ..........              H - amulet of guardian spirit
HPRegen 0.00/turn               p - +6 ring of strength
MPRegen 0.08/turn               F - +4 ring of protection

@: marked, corroded, hasted, very quick
A: damage resistance, heal wounds, sense surroundings 2, no regeneration, low MP
2, devolution 2
a: Heal Wounds, Renounce Religion, Rising Flame


You were on level 5 of the Pits of Slime.
You worshipped Ignis.
Ignis was noncommittal.
You visited 3 branches of the dungeon, and saw 19 of its levels.
You also visited: Volcano.

You collected 525 gold pieces.

Inventory:

Hand Weapons
 a - a +0 war axe
 r - the +7 morningstar of Taot (weapon) {flame, Drain Will+++ Int+6}
   (You found it on level 6 of the Dungeon)

   It burns those it strikes, dealing additional fire damage.
   Int:       It affects your intelligence (+6).
   Drain:     It drains your maximum health when unequipped.
   Will:      It greatly increases your willpower.
Missiles
 g - 4 boomerangs
 w - a throwing net
Armour
 b - a +0 scale mail
 c - a +0 buckler (worn)
 h - +0 fire dragon scales
 j - a +0 chain mail
 k - a +1 helmet (worn)
 m - a +0 plate armour (worn)
 s - a +0 pair of gloves (worn)
 y - a +0 cloak
 E - a +2 leather armour of fire resistance
Jewellery
 p - a +6 ring of strength (left hand)
 q - a +6 ring of strength
 F - a +4 ring of protection (right hand)
 H - an amulet of guardian spirit (around neck)
Wands
 n - a wand of polymorph (8)
 t - a wand of charming (2)
Scrolls
 e - a scroll of summoning
 i - a scroll of noise {unknown}
 v - a scroll of fear {unknown}
 x - a scroll of amnesia
 z - 3 scrolls of fog
 B - a scroll of vulnerability {unknown}
 C - a scroll of identify
Potions
 l - 4 potions of curing
 o - a potion of flight
 u - a potion of attraction
 A - 2 potions of heal wounds
 G - 2 potions of ambrosia
 I - a potion of cancellation {unknown}


   Skills:
 + Level 5.0 Fighting
 - Level 5.3(12.0) Axes
 + Level 15.3(15.6) Maces & Flails
 + Level 12.9 Armour
 - Level 5.0 Dodging
 - Level 5.0 Shields
 * Level 0.0 Invocations
 + Level 9.6 Evocations


You had 12 spell levels left.
You didn't know any spells.
Your spell library contained the following spells:

 Spells                   Type           Power      Damage    Failure   Level
 Fulminant Prism          Conj/Hex       0%         3d6       100%        4
 Iskenderun's Mystic Bla  Conj/Tloc      0%         2d3       100%        4
 Lee's Rapid Deconstruct  Erth           0%         3d5*      100%        5


Dungeon Overview and Level Annotations

Branches:
Dungeon (8/15)             Temple (0/1) D:6            Lair (6/6) D:8
 Spider (0/4) Lair:4        Slime (5/5) Lair:6      Volcano (visited)
  Swamp: Lair:2-4    Shoals: Lair:2-4

Altars:
Cheibriados
Elyvilon
Okawaru
Ru
Xom
Beogh
Ignis

Shops:
D:7 [

Annotations:
D:7 1 runed translucent door
Lair:1 Jase's ghost, journeyman DrTm


Innate Abilities, Weirdness & Mutations

You are resistant to damage.
You can heal yourself by infusing magical energy.
You passively map the area around you.
You do not regenerate.
Your magical capacity is very low. (-20% MP)
You have terrible hidden genetic defects.


Message History

Unknown command.
As you read the scroll of teleportation, it crumbles to dust.
You feel strangely unstable. The acid blob spits acid at you.
The splash of acid hits you!
Unknown command.
An acid blob comes into view.
The acid blob quivers.
Unknown command.
The acid blob spits acid at you. The splash of acid hits you.
The acid corrodes you!
Unknown command.
The acid blob spits acid at you. The splash of acid hits you!!
* * * LOW HITPOINT WARNING * * *
Unknown command.
Unknown command.
Unknown command.
A slime creature comes into view.
Your surroundings suddenly seem different.
An acid blob comes into view.
The acid blob quivers.
The slime creature moves out of view.
Search for what [Enter for "mutation", or ? for help]? jiyva Can't find anything matching that.
Search for what [Enter for "jiyva", or ? for help]? altar Unknown command.
Okay, then.
Unknown command.
As you read the scroll labelled CEKASHR KEOD, it crumbles to dust.
The creatures around you are filled with an inner flame!
It was a scroll of immolation.
A great orb of eyes comes into view.
The acid blob spits acid at you. The splash of acid hits you!!
* * * LOW HITPOINT WARNING * * *
The acid corrodes you! The acid blob spits acid at you.
The splash of acid hits you!!
You die...

.................. , *
*
*....................,
,.##.................#.
**..................###
* ..............G..## *
* .................#*,
* ,...J............##
.............J###, ,, *
,.......@.......#* , ,
, ...............#
...............# ###*
,,
.............J##...#, *
................J# ,,
............J.#### ,
,.......J...J.J.# * ,
..............G# *
,,,,, ,..........### ,
*


You could see 6 acid blobs, an azure jelly (inner flame), a great orb of eyes
and a shining eye (inner flame).

Vanquished Creatures
  A fire dragon (Volcano)
  A hydra (Lair:4)
  A two-headed ogre (D:8)
  2 lindwurms (Volcano)
  A shining eye (Slime:1)
  8 elephants (Lair:4)
  A smoke demon (Volcano)
  2 black mambas (Lair:5)
  7 cane toads
  2 rime drakes
  6 komodo dragons
  A hornet (Lair:2)
  A polar bear (Lair:4)
  A meliai (Lair:4)
  16 blink frogs
  8 slime creatures
  6 spriggans (Lair:4)
  28 yaks
  2 basilisks
  5 steam dragons (Volcano)
  13 water moccasins
  A hell hound (Volcano)
  3 ice beasts
  A sky beast (D:7)
  2 orc warriors (D:8)
  A black bear (Lair:5)
  A necrophage (D:6)
  9 wolves
  An ogre (D:8)
  A centaur (D:7)
  A kobold brigand (D:7)
  10 bullfrogs
  A scorpion (D:7)
  A water moccasin zombie (D:7)
  9 killer bees
  5 wights (D:8)
  3 gnoll shamans
  A jelly (D:6)
  2 orc priests
  2 hounds
  3 centaur skeletons (D:6)
  2 iguanas (D:5)
  An orc wizard (D:7)
  5 adders
  13 gnolls
  2 white imps (D:8)
  An ufetubus (D:5)
  2 worms
  2 dart slugs
  10 orcs
  2 ball pythons
  6 endoplasms
  2 giant cockroaches (D:2)
  7 goblins
  4 hobgoblins
  4 jackals (D:2)
  2 quokkas (D:1)
  4 bats
  4 frilled lizards
  7 kobolds
  2 rats (D:1)
253 creatures vanquished.

Vanquished Creatures (collateral kills)
  A lindwurm (Volcano)
  An orc warrior (D:8)
  12 orcs (D:8)
  3 foxfires (Lair:1)
17 creatures vanquished.

Vanquished Creatures (others)
  A steam dragon (Volcano)
  A killer bee (D:8)
  A bush (Lair:1)
  81 foxfires
  19 fungi
  30 plants
133 creatures vanquished.

Grand Total: 403 creatures vanquished

Notes
Turn   | Place    | Note
-------+----------+-------------------------------------------
     0 | D:1      | PieDemon the Deep Dwarf Fighter began the quest for the
                  | Orb.
     0 | D:1      | Reached XP level 1. HP: 20/20 MP: 1/1
   177 | D:1      | Reached XP level 2. HP: 22/27 MP: 2/2
   720 | D:2      | Reached skill level 1 in Dodging
   720 | D:2      | Reached XP level 3. HP: 17/33 MP: 3/3
   834 | D:2      | Reached XP level 4. HP: 19/42 MP: 4/4
   861 | D:2      | Found a faded altar of an unknown god.
   900 | D:2      | Prayed at the altar of an unknown god.
   900 | D:2      | Became a worshipper of Ignis, the Dying Flame
  1394 | D:5      | Entered Level 5 of the Dungeon
  1400 | D:5      | Identified the +4 trident of Disharmony {pain, Fly rCorr
                  | Str-2 Stlth+}
  1462 | D:5      | Reached XP level 5. HP: 11/49 MP: 5/5
  1564 | D:6      | Reached XP level 6. HP: 26/56 MP: 6/6
  1620 | D:6      | Noticed an orc warrior
  1622 | D:6      | an orc warrior changed into a dart slug
  1716 | D:6      | Found a staircase to the Ecumenical Temple.
  1728 | D:6      | Noticed an ice beast
  1742 | D:6      | Killed an ice beast
  1743 | D:6      | Reached skill level 5 in Axes
  1792 | D:6      | Identified the +7 morningstar of Taot {flame, Drain Will+++
                  | Int+6}
  1882 | D:6      | Reached skill level 1 in Maces & Flails
  1882 | D:6      | Reached XP level 7. HP: 42/62 MP: 7/7
  1940 | D:6      | Reached skill level 5 in Armour
  1940 | D:6      | Reached skill level 5 in Shields
  1972 | D:7      | Reached skill level 2 in Maces & Flails
  2009 | D:7      | Noticed a sixfirhy
  2010 | D:7      | Found a runed translucent door.
  2024 | D:7      | Reached skill level 3 in Maces & Flails
  2078 | D:7      | Reached skill level 4 in Maces & Flails
  2089 | D:7      | Reached XP level 8. HP: 41/69 MP: 8/8
  2109 | D:7      | Found Lofiph's Armour Shoppe.
  2182 | D:7      | Reached skill level 5 in Maces & Flails
  2272 | D:7      | Found a shimmering altar of Xom.
  2355 | D:8      | Reached skill level 6 in Maces & Flails
  2394 | D:8      | Found a white marble altar of Elyvilon.
  2404 | D:8      | Noticed Psyche
  2420 | D:8      | Noticed Psyche
  2421 | D:8      | Killed Psyche the hound
  2424 | D:8      | Found an iron altar of Okawaru.
  2429 | D:8      | Found a sacrificial altar of Ru.
  2429 | D:8      | Found a snail-covered altar of Cheibriados.
  2462 | D:8      | Reached skill level 7 in Maces & Flails
  2483 | D:8      | Gained mutation: You passively map the area around you.
                  | [Deep Dwarf growth]
  2483 | D:8      | Reached XP level 9. HP: 50/75 MP: 9/9
  2550 | D:8      | Noticed a cyclops
  2574 | D:8      | Noticed a two-headed ogre
  2582 | D:8      | Killed a two-headed ogre
  2583 | D:8      | Reached skill level 8 in Maces & Flails
  2637 | D:8      | Reached skill level 9 in Maces & Flails
  2674 | D:8      | Found a staircase to the Lair.
  2680 | Lair:1   | Entered Level 1 of the Lair of Beasts
  2680 | Lair:1   | Noticed a komodo dragon
  2684 | Lair:1   | Noticed a komodo dragon
  2685 | Lair:1   | Killed a komodo dragon
  2694 | Lair:1   | Killed a komodo dragon
  2695 | Lair:1   | Reached skill level 10 in Maces & Flails
  2713 | Lair:1   | Noticed a cane toad
  2721 | Lair:1   | Killed a cane toad
  2722 | Lair:1   | Reached XP level 10. HP: 77/84 MP: 10/10
  2826 | Lair:1   | Noticed a cane toad
  2835 | Lair:1   | Killed a cane toad
  2836 | Lair:1   | Reached skill level 11 in Maces & Flails
  2859 | Lair:1   | Reached skill level 10 in Armour
  2921 | Lair:1   | Noticed a moth of wrath
  2921 | Lair:1   | Noticed Jase's ghost (journeyman DrTm)
  2922 | Lair:1   | Noticed a spriggan rider
  2926 | Lair:1   | Noticed a cane toad
  2935 | Lair:1   | Killed a cane toad
  2980 | Lair:2   | Reached skill level 5 in Dodging
  3152 | Lair:2   | Reached skill level 1 in Evocations
  3180 | Lair:2   | Reached XP level 11. HP: 59/93 MP: 9/9
  3184 | Lair:2   | Noticed Maggie
  3188 | Lair:2   | Noticed Maggie
  3188 | Lair:2   | Maggie changed into Maggie the wolf
  3191 | Lair:2   | Killed Maggie the wolf
  3284 | Lair:2   | Reached skill level 5 in Fighting
  3284 | Lair:2   | Reached skill level 12 in Maces & Flails
  3338 | Lair:2   | Found a dark tunnel.
  3345 | Volcano  | Entered a volcano
  3385 | Volcano  | Noticed a lindwurm
  3394 | Volcano  | Killed a lindwurm
  3441 | Volcano  | Noticed a lindwurm
  3441 | Volcano  | Noticed a lindwurm
  3445 | Volcano  | Killed a lindwurm
  3453 | Volcano  | Noticed a fire dragon
  3468 | Volcano  | Killed a fire dragon
  3475 | Volcano  | Killed a lindwurm
  3640 | Lair:3   | Reached skill level 5 in Evocations
  3661 | Lair:3   | Reached skill level 13 in Maces & Flails
  3826 | Lair:4   | Reached XP level 12. HP: 38/103 MP: 9/9
  4004 | Lair:4   | Reached skill level 14 in Maces & Flails
  4017 | Lair:4   | Noticed a six-headed hydra
  4027 | Lair:4   | Killed a six-headed hydra
  4449 | Lair:5   | Reached skill level 15 in Maces & Flails
  4498 | Lair:6   | Entered Level 6 of the Lair of Beasts
  4503 | Lair:6   | Found a staircase to the Slime Pits.
  4552 | Slime:1  | Entered Level 1 of the Pits of Slime
  4580 | Slime:1  | Reached XP level 13. HP: 44/109 MP: 0/7
  4583 | Slime:1  | Gained mutation: Your magical capacity is low. (-10% MP) [a
                  | shining eye]
  4585 | Slime:1  | Gained mutation: Your magical capacity is very low. (-20%
                  | MP) [a shining eye]
  4668 | Slime:2  | Noticed an acid blob
  4668 | Slime:2  | Noticed an acid blob
  4674 | Slime:3  | Noticed an acid blob
  4674 | Slime:3  | Noticed a rockslime
  4678 | Slime:3  | Gained mutation: You have hidden genetic defects. [a
                  | shining eye]
  4681 | Slime:4  | Noticed a quicksilver ooze
  4683 | Slime:4  | Gained mutation: You have terrible hidden genetic defects.
                  | [a shining eye]
  4685 | Slime:5  | Entered Level 5 of the Pits of Slime
  4689 | Slime:5  | Noticed an acid blob
  4697 | Slime:5  | Noticed an azure jelly
  4702 | Slime:5  | Noticed an acid blob
  4703 | Slime:5  | Noticed an acid blob
  4703 | Slime:5  | Noticed an acid blob
  4705 | Slime:5  | Noticed an acid blob
  4711 | Slime:5  | Noticed an acid blob
  4712 | Slime:5  | Killed from afar by an acid blob

Illustrated notes

Levels and vault maps discovered:
D:1:      lemuel_arrival_cross, layout_loops_ring
D:2:      minmay_chambers_of_twos, layout_loops_ring,
          shapermc_ecumenical_altar_starsandcircs, minmay_diced_spiral
D:3:      layout_basic
D:4:      layout_loops_corners, gup_sewer_entry_pipe, uniq_pikel,
          uniq_crazy_yiuf_cottage, uniq_eustachio
D:5:      layout_basic
D:6:      layout_loops_ring, minmay_temple_entry_wispy, hangedman_decor_push
D:7:      cheibrodos_shockbox, layout_basic, kennysheep_little_box,
          serial_shops, nicolae_take_the_stairs
D:8:      layout_rooms, grunt_temple_overflow_open, dpeg_oklobed_lair,
          special_room [special_room_orc], kennysheep_island_fort, uniq_psyche
Lair:1:   layout_roguey, gammafunk_ghost_wrathful_warriors
Lair:2:   layout_layer_cave, enter_volcano_2, grunt_megastairs_3,
          serial_bayou_shore_b, uniq_maggie
Lair:3:   layout_misc_corridors, nicolae_swamp_entry_splash_gauntlet,
          infiniplex_staircase_pool_2
Lair:4:   layout_roguey, hellmonk_spider_entry_not_the_bees,
          gauntlet_entry_generic, wad_woods_01, grunt_megastairs_5
Lair:5:   layout_loops_ring
Lair:6:   due_jungle_book, layout_cave_pods, slime_dummy, st_stairs_7,
          lemuel_fruit_tree
Slime:1:  layout_caves
Slime:2:  layout_caves
Slime:3:  layout_caves
Slime:4:  layout_caves
Slime:5

Skill      XL: |  1  2  3  4  5  6  7  8  9 10 11 12 |
---------------+-------------------------------------+-----
Dodging        | 1 2 3 5 |  5.0
Axes           | 3 4 5 |  5.3
Fighting       | 3 4 5 |  5.0
Armour         | 4 6 7 9 10 11 12 | 12.9
Shields        | 4 5 |  5.0
Maces & Flails | 1 4 7 10 11 13 15 | 15.3
Evocations     | 1 6 9 |  9.6

Action                   |  1- 3 |  4- 6 |  7- 9 | 10-12 | 13-15 || total
-------------------------+-------+-------+-------+-------+-------++-------
Melee: War axe           |   119 |   125 |       |       |       ||   244
       Morningstar       |       |     4 |   131 |   406 |     7 ||   548
Throw: Throwing net      |       |       |     1 |       |       ||     1
Invok: Foxfire Swarm     |       |       |     3 |     3 |       ||     6
       Fiery Armour      |       |       |       |     3 |       ||     3
 Abil: Heal Wounds       |       |     4 |     3 |    18 |     4 ||    29
Evoke: Wand              |       |     2 |     7 |     5 |       ||    14
  Use: Scroll            |       |     2 |     4 |     4 |     2 ||    12
       Potion            |       |       |     3 |     5 |     1 ||     9
Armor: Scale mail        |    54 |    13 |       |       |       ||    67
       Chain mail        |       |    26 |       |       |       ||    26
       Plate armour      |       |    29 |    91 |   233 |     2 ||   355
Dodge: Dodged            |    53 |    41 |    50 |   155 |     1 ||   300
Block: Buckler           |    30 |    31 |    33 |    94 |     2 ||   190
